 Dungeon Crawl Stone Soup version 0.27.1-1-g398f81649c (webtiles) character file.

Game seed: 659742242344588870

1562 BOMJPIETVODKU the Magician (level 8, -5/66 HPs)
             Began as a Yellow Draconian Earth Elementalist on Sept 6, 2021.
             Was a Priest of Cheibriados.
             Slain by an ogre (26 damage)
             ... on level 6 of the Dungeon.
             The game lasted 00:18:29 (7434 turns).

BOMJPIETVODKU the Magician (DrEE)                   Turns: 7434, Time: 00:18:30

Health: -5/66      AC:  8    Str: 18    XL:     8   Next: 58%
Magic:  17/19      EV: 12    Int: 27    God:    Cheibriados [***...]
Gold:   105        SH:  0    Dex: 19    Spells: 17/21 levels left

rFire    . . .     SeeInvis .   d - +1 whip (venom)
rCold    . . .     Faith    .   (no shield)
rNeg     . . .     Spirit   .   (armour unavailable)
rPois    .         Reflect  .   (helmet restricted)
rElec    .         Harm     .   (no cloak)
rCorr    +         Rampage  .   i - +1 pair of gloves
Will     .....                  (no boots)
Stlth    ++........             n - amulet of magic regeneration
HPRegen  0.21/turn              (no ring)
MPRegen  0.41/turn              (no ring)

@: very slow
A: spit acid, AC +6, unfitting armour, cold-blooded, acid resistance
a: Breathe Acid, Renounce Religion, Bend Time, Temporal Distortion


You were on level 6 of the Dungeon.
You worshipped Cheibriados.
Cheibriados was most pleased with you.
You visited 2 branches of the dungeon, and saw 7 of its levels.
You also visited: Sewer.

You collected 231 gold pieces.
You spent 126 gold pieces at shops.

Inventory:

Hand Weapons
 d - a +1 whip of venom (weapon)
 l - a +1 short sword of holy wrath
Missiles
 b - 37 stones
 m - 8 poisoned darts
Armour
 i - a +1 pair of gloves (worn)
Jewellery
 n - an amulet of magic regeneration (around neck)
Wands
 o - a wand of acid (6)
 p - a wand of mindburst (27)
Scrolls
 h - 3 scrolls of teleportation
Potions
 a - 4 potions of invisibility
 e - 2 potions of curing
 f - 3 potions of might
 g - 2 potions of resistance
 j - 5 potions of heal wounds
 k - 2 potions of brilliance
 q - 2 potions of magic
 s - a potion of ambrosia {unknown}
 t - 2 potions of mutation
 u - 3 potions of cancellation
 v - a potion of haste {unknown}


   Skills:
 + Level 3.9 Fighting
 + Level 0.7 Maces & Flails
 - Level 0.1 Polearms
 - Level 1.9 Dodging
 - Level 2.0 Stealth
 * Level 7.4 Spellcasting
 + Level 1.1 Transmutations
 + Level 6.5 Earth Magic
 - Level 2.0 Evocations


You had 17 spell levels left.
You knew the following spells:

 Your Spells              Type           Power      Damage    Failure   Level
a - Sandblast             Erth           90%        2d19      1%          1
b - Stone Arrow           Conj/Erth      54%        3d10      4%          3

Your spell library contained the following spells:

 Spells                   Type           Power      Damage    Failure   Level
 Passwall                 Tmut/Erth      25%        N/A       1%          2
 Animate Skeleton         Necr           20%        N/A       5%          1
 Pain                     Necr           40%        1d6       5%          1
 Static Discharge         Conj/Air       10%        N/A       9%          2
 Petrify                  Tmut/Erth      30%        N/A       12%         4
 Vampiric Draining        Necr           5%         2d6       17%         3
 Lightning Bolt           Conj/Air       5%         1d17      83%         5
 Maxwell's Capacitive Co  Air            5%         ∞         100%        8


Dungeon Overview and Level Annotations

Branches:
Dungeon (6/15)             Temple (1/1) D:4           Sewer (visited)

Altars:
Ashenzari
Cheibriados
Dithmenos
Elyvilon
Gozag
Kikubaaqudgha
Makhleb
Okawaru
Qazlal
Ru
Sif Muna
Uskayaw
Vehumet
Wu Jian
Xom
Yredelemnul
Zin

Shops:
D:3 (   D:5 **


Innate Abilities, Weirdness & Mutations

You can spit globs of acid.
Your golden yellow scales are hard. (AC +6)
You cannot fit into any form of body armour.
You are cold-blooded and may be slowed by cold attacks.
You are resistant to acid. (rCorr)


Message History

Aiming: Sandblast (safe; 1% risk of failure)
Press: ? - help, Q - select action, (/) - cycle Shift-Dir - straight line, f/p - ufetubus
Aim: an ufetubus (severely wounded, 72% to hit)
The blast of sand hits the ufetubus!
You kill the ufetubus!
Cheibriados appreciates the change of pace.
Things that are here:
a +0 hand axe; a +0 scale mail; an orc corpse An ogre comes into view.
It is wielding a +0 giant club.
Things that are here:
a +0 dagger; a +0 robe The ogre shouts!
Things that are here:
a +0 hand axe; a +0 leather armour The ogre hits you with a +0 giant club!
The ogre hits you with a +0 giant club!!
You completely miss the ogre.
You tail-slap the ogre, but do no damage.
The ogre barely misses you. The ogre hits you with a +0 giant club!
Aiming: Sandblast (safe; 1% risk of failure)
Press: ? - help, Q - select action, (/) - cycle Shift-Dir - straight line, f - ogre
Aim: an ogre, wielding a +0 giant club (92% to hit)
The blast of sand hits the ogre!
The ogre is heavily wounded.
The ogre barely misses you.
Unknown command.
Aiming: Sandblast (safe; 1% risk of failure)
Press: ? - help, Q - select action, (/) - cycle Shift-Dir - straight line, f/p - ogre
Aim: an ogre, wielding a +0 giant club (heavily wounded, 92% to hit)
The blast of sand hits the ogre.
The ogre is severely wounded.
Unknown command.
Aiming: Sandblast (safe; 1% risk of failure)
Press: ? - help, Q - select action, (/) - cycle Shift-Dir - straight line, f/p - ogre
Aim: an ogre, wielding a +0 giant club (severely wounded, 92% to hit)
The blast of sand hits the ogre.
The ogre is almost dead.
The ogre hits you with a +0 giant club!!
You die...

#.......########## ..
#.......# .... #.......#
#######.... #.....).#
#.....#....
##....)).######.....#....
....................'....
##.....).######.....#....
.........######.....#....
.....##O@................
..... #......########....
..... #......# #...)...
.... #####.## #.######
... #'# # #<## ... #...
....# ......†... .....
.......... ..........


You could see an ogre.

Vanquished Creatures
  A wyvern (D:5)
  2 necrophages (D:5)
  5 ogres
  A scorpion (D:5)
  A water moccasin zombie (D:5)
  A howler monkey (D:4)
  A jelly (D:5)
  A hound (D:4)
  An orc priest (D:4)
  4 iguanas
  4 orc wizards
  A killer bee zombie (D:5)
  A hound skeleton (D:5)
  11 adders
  8 river rats (Sewer)
  A shadow imp (D:5)
  A white imp (D:6)
  An ufetubus (D:6)
  An adder zombie (D:5)
  2 worms (D:2)
  5 dart slugs
  8 orcs
  6 endoplasms
  6 giant cockroaches
  8 hobgoblins
  10 jackals
  21 kobolds
  6 quokkas
  10 ball pythons
  A bat (D:1)
  9 frilled lizards
  10 goblins
  19 rats
168 creatures vanquished.

Notes
Turn   | Place    | Note
-------+----------+-------------------------------------------
     0 | D:1      | BOMJPIETVODKU the Draconian Earth Elementalist began the
                  | quest for the Orb.
     0 | D:1      | Reached XP level 1. HP: 14/14 MP: 3/3
   577 | D:1      | Reached XP level 2. HP: 14/20 MP: 5/5
  1411 | D:1      | Reached XP level 3. HP: 21/26 MP: 6/6
  1735 | D:2      | Noticed an ogre
  1748 | D:2      | Killed an ogre
  1749 | D:2      | Reached skill level 3 in Spellcasting
  1749 | D:2      | Reached XP level 4. HP: 14/34 MP: 0/8
  2173 | D:2      | Reached skill level 1 in Fighting
  2310 | D:2      | Reached XP level 5. HP: 40/40 MP: 4/10
  2548 | D:2      | Found a faded altar of an unknown god.
  3250 | D:3      | Found Ferygg's Weapon Emporium.
  3621 | D:4      | Found a large runed translucent door.
  3622 | D:4      | Found a large runed translucent door.
  3639 | D:4      | Found a shadowy altar of Dithmenos.
  3656 | D:4      | Found an ornate altar of the Wu Jian Council.
  3740 | D:4      | Reached skill level 4 in Spellcasting
  3768 | D:4      | Noticed a fire elemental
  3774 | D:4      | Found a stormy altar of Qazlal.
  3778 | D:4      | Noticed a water elemental
  3778 | D:4      | Noticed an air elemental
  3796 | D:4      | Reached XP level 6. HP: 47/48 MP: 12/12
  3843 | D:4      | Reached skill level 1 in Evocations
  4173 | D:4      | Found a staircase to the Ecumenical Temple.
  4184 | Temple   | Entered the Ecumenical Temple
  4253 | Temple   | Became a worshipper of Cheibriados the Contemplative
  4388 | D:4      | Reached skill level 5 in Earth Magic
  4764 | D:4      | Found a radiant altar of Vehumet.
  4764 | D:4      | Found an iron altar of Okawaru.
  5007 | D:5      | Entered Level 5 of the Dungeon
  5021 | D:5      | Found Vatzit's General Store.
  5024 | D:5      | Bought a potion of heal wounds for 70 gold pieces
  5024 | D:5      | Bought a potion of might for 56 gold pieces
  5094 | D:5      | Found a glowing drain.
  5113 | Sewer    | Entered a sewer
  5156 | Sewer    | Your scales start taking on a golden yellow colour.
  5156 | Sewer    | Reached XP level 7. HP: 48/56 MP: 14/14
  5156 | Sewer    | Gained mutation: You are resistant to acid. (rCorr) [Yellow
                  | Draconian growth]
  5234 | Sewer    | Reached * piety under Cheibriados
  5390 | Sewer    | Reached skill level 5 in Spellcasting
  5635 | Sewer    | Reached ** piety under Cheibriados
  6513 | D:5      | Learned a level 3 spell: Stone Arrow
  6520 | D:5      | Found Zin's Purification Station.
  6521 | D:5      | Found a glowing silver altar of Zin.
  6662 | D:5      | Reached skill level 6 in Spellcasting
  6751 | D:5      | Reached XP level 8. HP: 63/63 MP: 17/17
  6778 | D:5      | Reached *** piety under Cheibriados
  7045 | D:5      | Reached skill level 7 in Spellcasting
  7434 | D:6      | Slain by an ogre

Illustrated notes

Levels and vault maps discovered:
D:1:      dpeg_arrival_lava_temple_mockup, layout_rooms, corexii_hall_statues_l,
          minmay_octomino_c4
D:2:      layout_basic, shapermc_ecumenical_altar_mp_vishouse, minivault_24
D:3:      layout_rooms, serial_shops, shop
D:4:      layout_gridville, jmf_multi_god_temple2,
          nicolae_qazlal_style_of_elements, gammafunk_temple_overflow_elements,
          minmay_temple_entry_overgrown
D:5:      layout_loops_cross, zin_purify, serial_shops, kennysheep_mini,
          gup_sewer_entry_pipe, minmay_misc_feat_diagonals, grunt_tough_drop
D:6:      layout_basic, mainiacjoe_overflow_big_doors,
          nicolae_ossuary_entry_giza
Temple:   hc_temple_tempest_star

Skill      XL: |  1  2  3  4  5  6  7  8 |
---------------+-------------------------+-----
Stealth        | 2 |  2.0
Spellcasting   | 3 4 6 7 |  7.4
Earth Magic    | 4 5 6 |  6.5
Fighting       | 1 2 3 |  3.9
Evocations     | 1 2 |  2.0
Maces & Flails | |  0.7
Polearms       | |  0.1
Dodging        | |  1.9
Transmutations | |  1.1

Action                   |  1- 3 |  4- 6 |  7- 9 || total
-------------------------+-------+-------+-------++-------
Melee: Trident           |   108 |   175 |    89 ||   372
       Tailslap          |     9 |    16 |    14 ||    39
       Whip              |       |       |    31 ||    31
 Cast: Sandblast         |     9 |    50 |    66 ||   125
 Abil: Breathe Acid      |       |       |     5 ||     5
Evoke: Wand              |       |       |     3 ||     3
  Use: Scroll            |       |     5 |    10 ||    15
 Stab: Sleeping          |     1 |     6 |     1 ||     8
Armor: Skin              |    32 |    92 |    79 ||   203
Dodge: Dodged            |    71 |   156 |   141 ||   368
